 Dungeon Crawl Stone Soup version 0.29.1-12-g30fa7ad0bf (webtiles) character file.

Game seed: 9223777081880196058

241 funkygono the Slasher (level 5, 0/39 HPs)
             Began as a Demonspawn Gladiator on Dec 30, 2022.
             Slain by a scorpion (5 damage)
             ... on level 4 of the Dungeon.
             The game lasted 00:04:52 (3339 turns).

funkygono the Slasher (Demonspawn Gladiator)        Turns: 3339, Time: 00:04:52

Health: 0/39       AC:  8    Str: 17    XL:     5   Next: 80%
Magic:  5/5        EV: 12    Int:  9    God:
Gold:   166        SH:  5    Dex: 14    Spells: 4/4 levels left

rFire   . . .      SeeInvis .   a - +0 long sword
rCold   . . .      Faith    .   k - +2 buckler
rNeg    . . .      Spirit   .   s - +3 leather armour
rPois   .          Reflect  .   c - +0 helmet
rElec   .          Harm     .   (no cloak)
rCorr   .          Rampage  .   f - +0 pair of gloves
Will    +....                   (no boots)
Stlth   +.........              p - amulet of magic regeneration
HPRegen 0.13/turn               m - ring of flight
MPRegen 0.49/turn               o - ring of willpower

@: flying
A: claws 1, demonic guardian 1, powered by death 1
a: no special abilities


You were on level 4 of the Dungeon.
You visited 1 branch of the dungeon, and saw 4 of its levels.

You collected 166 gold pieces.

Inventory:

Hand Weapons
 a - a +0 long sword (weapon)
 D - the +1 whip of Zalasm {pain, Str+3 Stlth+}
   (You found it on level 4 of the Dungeon)

   In the hands of one skilled in necromantic magic, it inflicts extra damage on
   living creatures.
   Str:       It affects your strength (+3).
   Stlth:     It makes you more stealthy.
Missiles
 e - a javelin (quivered)
 B - 9 poisoned darts
Armour
 c - a +0 helmet (worn)
 f - a +0 pair of gloves (worn)
 k - a +2 buckler (worn)
 s - a +3 leather armour (worn)
Jewellery
 m - a ring of flight (left hand)
 o - a ring of willpower (right hand)
 p - an amulet of magic regeneration (around neck)
 u - an amulet of reflection
 x - the amulet "Dithebysarch" {Reflect rC+ SH+5}
   (You found it on level 3 of the Dungeon)

   [amulet of reflection]

   It reflects blocked missile attacks.
   rC:        It protects you from cold.
   SH:        It affects your SH (+5).
 y - an amulet of the acrobat
Wands
 j - a wand of mindburst (9)
 w - a wand of polymorph (12)
Scrolls
 d - a scroll of torment {unknown}
 l - a scroll of identify
 n - 2 scrolls of blinking
 t - a scroll of immolation {unknown}
 z - 2 scrolls of poison {unknown}
 A - a scroll of brand weapon {unknown}
Potions
 b - 2 potions of attraction {unknown}
 g - 2 potions of flight
 h - a potion of lignification {unknown}
 i - 4 potions of haste
 q - 2 potions of heal wounds
 r - 2 potions of curing
 v - a potion of degeneration {unknown}
 C - a potion of magic {unknown}


   Skills:
 + Level 2.7 Fighting
 + Level 4.2 Long Blades
 + Level 2.0 Throwing
 + Level 1.8 Armour
 + Level 3.6 Dodging
 + Level 1.1 Stealth
 + Level 0.3 Shields


You had 4 spell levels left.
You didn't know any spells.
Your spell library contained the following spells:

 Spells                   Type           Power      Damage    Failure   Level
 Sandblast                Erth           0%         2d4       56%         1
 Passwall                 Tmut/Erth      0%         N/A       71%         2
 Stone Arrow              Conj/Erth      0%         3d7       90%         3
 Cause Fear               Hex            0%         N/A       100%        4
 Dragon Form              Tmut           0%         N/A       100%        7
 Dragon's Call            Summ           0%         N/A       100%        9


Dungeon Overview and Level Annotations

Branches:
Dungeon (4/15)
 Temple: D:4-7

Altars:
Qazlal
Wu Jian
Yredelemnul

Annotations:
D:4 2 transporters, ioannis32's ghost, amateur DsBe


Innate Abilities, Weirdness & Mutations

You have sharp fingernails.
A weak demonic guardian rushes to your aid.
You regenerate a little health from kills.


Message History

You barely miss the scorpion.
The scorpion is lightly wounded.
You feel sick.
The scorpion stings you but does no damage.
You hit the scorpion.
The scorpion is moderately wounded.
You feel sick. The scorpion stings you.
* * * LOW HITPOINT WARNING * * *
You are lethally poisoned!
The scorpion poisons you! The scorpion closely misses you.
You barely miss the scorpion.
The scorpion is lightly wounded.
* * * LOW HITPOINT WARNING * * *
You feel very sick. The scorpion closely misses you.
You closely miss the scorpion.
The scorpion is lightly wounded.
* * * LOW HITPOINT WARNING * * *
You feel very sick.
The scorpion stings you but does no damage.
You hit the scorpion.
The scorpion is heavily wounded.
* * * LOW HITPOINT WARNING * * *
You feel sick. The scorpion barely misses you.
The scorpion completely misses you.
You closely miss the scorpion.
The scorpion is heavily wounded.
* * * LOW HITPOINT WARNING * * *
You feel sick. The scorpion misses you.
You feel better. The scorpion closely misses you.
Okay, then.
a - a +0 long sword (weapon)
The scorpion stings you.
* * * LOW HITPOINT WARNING * * *
A demonic guardian appears!
Unknown command.
You hit the scorpion.
The scorpion is severely wounded.
The scorpion stings you.
You die...

# ## #.# [# ..# .#
###.# ## #.... #.#.#
#.#.# # ##.#.#.## .#
#####...@s..# ..#
#......#.#..# ###.#
#.###.#5.# .# ..#.##
#.# #.#<.# # ..#..#
#.# #.##.# # #'#..#
#.# #....# .# .....#
#.######.#..#
.....####.#.........#
..#.....#.#.####^#..#


You could see a scorpion (ally target) and a friendly iron imp (summoned).

Vanquished Creatures
  A necrophage (D:4)
  Natasha (thrice) (D:2)
  A gnoll (D:4)
  An adder (D:3)
  2 dart slugs (D:1)
  5 orcs (D:4)
  6 bats
  8 endoplasms
  2 giant cockroaches
  9 goblins
  9 hobgoblins
  5 quokkas
  6 ball pythons
  4 frilled lizards
  4 kobolds
  5 rats
71 creatures vanquished.

Vanquished Creatures (collateral kills)
  2 kobolds (D:4)
2 creatures vanquished.

Grand Total: 73 creatures vanquished

Notes
Turn   | Place    | Note
-------+----------+-------------------------------------------
     0 | D:1      | funkygono the Demonspawn Gladiator began the quest for the
                  | Orb.
     0 | D:1      | Reached XP level 1. HP: 16/16 MP: 1/1
   376 | D:1      | Gained mutation: You have sharp fingernails. [demonic
                  | ancestry]
   376 | D:1      | Reached XP level 2. HP: 22/22 MP: 2/2
   382 | D:1      | Reached skill level 3 in Long Blades
   770 | D:1      | Gained mutation: You regenerate a little health from kills.
                  | [demonic ancestry]
   770 | D:1      | Reached XP level 3. HP: 27/27 MP: 3/3
  1315 | D:2      | Identified the +5 plate armour "Qiat" {rC+}
  1402 | D:2      | Noticed Natasha
  1409 | D:2      | Killed Natasha
  1424 | D:2      | Identified the +1 mace "Killer Bee's Bane" {flame, rElec
                  | rF+++ rCorr Dex-5}
  1519 | D:2      | Noticed Natasha
  1532 | D:2      | Killed Natasha
  1533 | D:2      | Reached skill level 1 in Stealth
  1533 | D:2      | Reached XP level 4. HP: 26/34 MP: 4/4
  1795 | D:2      | Noticed Natasha
  1801 | D:2      | Killed Natasha
  1802 | D:2      | Reached skill level 1 in Armour
  1870 | D:3      | Found a stormy altar of Qazlal.
  2027 | D:3      | Identified the amulet "Dithebysarch" {Reflect rC+ SH+5}
  2048 | D:3      | Found a faded altar of an unknown god.
  2079 | D:3      | Found an ornate altar of the Wu Jian Council.
  2394 | D:3      | Gained mutation: A weak demonic guardian rushes to your
                  | aid. [demonic ancestry]
  2394 | D:3      | Reached XP level 5. HP: 35/39 MP: 5/5
  2631 | D:4      | Found a basalt altar of Yredelemnul.
  2851 | D:4      | Found a transporter.
  2851 | D:4      | Noticed ioannis32's ghost (amateur DsBe)
  2854 | D:4      | Found a transporter.
  2855 | D:4      | Noticed a steam dragon
  3158 | D:4      | Reached skill level 4 in Long Blades
  3239 | D:4      | Identified the +1 whip of Zalasm {pain, Str+3 Stlth+}
  3336 | D:4      | HP: 1/39 [poisoned by a scorpion]
  3339 | D:4      | Slain by a scorpion

Illustrated notes

Levels and vault maps discovered:
D:1:      heliophobic_arrival_dark_side_of_the_moon, layout_basic
D:2:      layout_basic, uniq_natasha
D:3:      layout_loops_ring, nicolae_overflow_crystal_walls,
          mainiacjoe_overflow_concentric_impassable,
          shapermc_ecumenical_altar_mp_highgroup
D:4:      corexii_shantytown, layout_basic, mainiacjoe_overflow_cross_hatched,
          gammafunk_ghost_arena, kennysheep_generic_room_3

Skill      XL: |  1  2  3  4  5 |
---------------+----------------+-----
Long Blades    | 3 4 |  4.2
Throwing       | 2 |  2.0
Dodging        | 3 |  3.6
Stealth        | 1 |  1.1
Armour         | 1 |  1.8
Fighting       | |  2.7
Shields        | |  0.3

Action                   |  1- 3 |  4- 6 || total
-------------------------+-------+-------++-------
Melee: Long sword        |   101 |   118 ||   219
       Whip              |       |    17 ||    17
Throw: Throwing net      |     2 |     1 ||     3
       Boomerang         |     2 |     1 ||     3
       Javelin           |       |     1 ||     1
  Use: Scroll            |       |     8 ||     8
       Potion            |       |     1 ||     1
 Stab: Sleeping          |     2 |     1 ||     3
       Held in net/web   |     1 |       ||     1
Armor: Leather armour    |    42 |    53 ||    95
Dodge: Dodged            |    76 |    97 ||   173
Block: Buckler           |       |    31 ||    31
